 Dungeon Crawl Stone Soup version 0.29.1 (webtiles) character file.

Game seed: 7159743590457335740

847 SensoryNuts the Covert (level 8, -3/52 HPs)
             Began as an Octopode Brigand on Sept 14, 2022.
             Splashed by a jelly's acid (9 damage)
             ... on level 6 of the Dungeon.
             The game lasted 00:06:33 (4697 turns).

SensoryNuts the Covert (Octopode Brigand)           Turns: 4697, Time: 00:06:34

Health: -3/52      AC: -13   Str: 11    XL:     8   Next: 0%
Magic:  8/8        EV: 13    Int: 13    God:
Gold:   143        SH:  0    Dex: 18    Spells: 7/7 levels left

rFire   . . .      SeeInvis .   i - +7 hand axe "Ubeaz" {protect, rN+ Will+++ Dex+3}
rCold   . . .      Faith    .   (no shield)
rNeg    + . .      Spirit   .   e - +2 hat
rPois   .          Reflect  .   (no amulet)
rElec   .          Harm     .   (no ring)
rCorr   .          Rampage  .   (no ring)
Will    +++..                   (no ring)
Stlth   +++++.....              (no ring)
HPRegen 0.17/turn               (no ring)
MPRegen 0.11/turn               (no ring)
                                (no ring)
                                (no ring)

@: corroded, flying
A: almost no armour, amphibious, 8 rings, camouflage 1, gelatinous body 1,
(nimble swimmer 1), tentacles
a: no special abilities


You were on level 6 of the Dungeon.
You visited 1 branch of the dungeon, and saw 6 of its levels.

You collected 143 gold pieces.

Inventory:

Hand Weapons
 a - a +3 dagger
 i - the +7 hand axe "Ubeaz" (weapon) {protect, rN+ Will+++ Dex+3}
   (You found it on level 2 of the Dungeon)

   It grants its wielder temporary protection when it strikes (+7 to AC).
   Dex:       It affects your dexterity (+3).
   rN:        It protects you from negative energy.
   Will:      It greatly increases your willpower.
Missiles
 b - 13 poisoned darts (quivered)
 c - 3 curare-tipped darts
Armour
 e - a +2 hat (worn)
Scrolls
 f - a scroll of torment
 g - 4 scrolls of teleportation
 h - a scroll of blinking
 o - a scroll of fear
Potions
 j - a potion of mutation
 m - 2 potions of attraction
 s - a potion of heal wounds {unknown}


   Skills:
 + Level 3.5 Fighting
 - Level 3.2 Short Blades
 * Level 5.4 Axes
 + Level 2.6 Throwing
 + Level 2.0 Dodging
 * Level 8.4 Stealth


You had 7 spell levels left.
You didn't know any spells.
Your spell library contained the following spells:

 Spells                   Type           Power      Damage    Failure   Level
 Beastly Appendage        Tmut           0%         N/A       30%         1
 Scorch                   Fire           0%         2d5       43%         2
 Wereblood                Tmut           0%         N/A       43%         2
 Spider Form              Tmut/Pois      0%         N/A       67%         3
 Tukima's Dance           Hex            0%         N/A       67%         3
 Flame Wave               Conj/Fire      0%         2d4       97%         4
 Olgreb's Toxic Radiance  Pois           0%         N/A       97%         4
 Passage of Golubria      Tloc           0%         N/A       97%         4
 Yara's Violent Unravell  Hex/Tmut       0%         3d3       100%        5
 Summon Cactus Giant      Summ           0%         N/A       100%        6
 Ozocubu's Refrigeration  Ice            0%         4d7       100%        7
 Ignition                 Fire           0%         3d3       100%        8


Dungeon Overview and Level Annotations

Branches:
Dungeon (6/15)             Temple (0/1) D:6

Altars:
Elyvilon
Trog
Vehumet


Innate Abilities, Weirdness & Mutations

You cannot wear most types of armour.
You are amphibious.
You can wear up to eight rings at the same time.
Your skin changes colour to match your surroundings (Stealth+).
Your rubbery body absorbs attacks. (AC +1, EV +1)
((You are camouflaged when in or above water. (Stealth+)))
You have tentacles for arms and can constrict up to eight enemies at once.


Message History

It was a potion of flight.
You feel very buoyant.
You fly up into the air.
The jelly hits you.
* * * LOW HITPOINT WARNING * * *
You are splashed with acid!
* * * LOW HITPOINT WARNING * * *
It was a potion of ambrosia.
You are confused.
You feel invigorated. The jelly closely misses you.
You bump into the rock wall.
The jelly barely misses you.
You bump into the rock wall.
The jelly closely misses you.
You hit the jelly but do no damage.
Your weapon exudes an aura of protection.
Your tentacles burn!
* * * LOW HITPOINT WARNING * * *
You squeeze the jelly, but do no damage.
The jelly is almost dead.
The jelly hits you.
* * * LOW HITPOINT WARNING * * *
You are splashed with acid!
* * * LOW HITPOINT WARNING * * *
You hit the jelly but do no damage. The acid corrodes you!
Your tentacles burn!
* * * LOW HITPOINT WARNING * * *
You tentacle-slap the jelly, but do no damage.
The jelly is almost dead.
The jelly closely misses you.
You bump into the rock wall.
The jelly closely misses you.
You bump into the rock wall.
The jelly closely misses you.
You bump into the rock wall.
The jelly hits you.
You are splashed with acid.
* * * LOW HITPOINT WARNING * * *
You bump into the rock wall.
The jelly hits you.
* * * LOW HITPOINT WARNING * * *
You are splashed with acid!
* * * LOW HITPOINT WARNING * * *
You bump into the rock wall.
You feel less invigorated.
You feel less confused. The jelly hits you.
* * * LOW HITPOINT WARNING * * *
You are splashed with acid!
You die...

#.......######.........
#..........#..####.##
#..##.#.##......##.##
#.....#.####(.#......
#.##..#.# #...###.#.
#.#.......####.........
#.......#.#......#...#.
####.#.##.#........#...
#.#@##.#..>....###.#
#.#J##.#........#... #
#.# #......#...#.
.....#........#...
!PP....[.....###.#
.PP..#...###...#...
..>P.....# #.#...#.
#..P..#...# #.!.#...
##.## ##.##..#


You could see a jelly.

Vanquished Creatures
  2 black bears (D:5)
  3 necrophages
  A hound (D:5)
  3 orc priests
  An iguana (D:5)
  Terence (D:2)
  2 orc wizards (D:5)
  Robin (D:2)
  3 gnolls (D:3)
  9 adders
  4 worms
  3 dart slugs
  15 orcs
  4 ball pythons
  5 bats
  12 endoplasms
  3 giant cockroaches
  18 goblins
  11 hobgoblins
  6 jackals
  3 quokkas
  A frilled lizard (D:3)
  6 kobolds
  5 rats
122 creatures vanquished.

Notes
Turn   | Place    | Note
-------+----------+-------------------------------------------
     0 | D:1      | SensoryNuts the Octopode Brigand began the quest for the
                  | Orb.
     0 | D:1      | Reached XP level 1. HP: 14/14 MP: 1/1
   275 | D:1      | Reached XP level 2. HP: 16/19 MP: 2/2
   828 | D:1      | Found a faded altar of an unknown god.
  1081 | D:2      | Reached XP level 3. HP: 25/25 MP: 3/3
  1175 | D:2      | Reached XP level 4. HP: 23/30 MP: 4/4
  1383 | D:2      | Noticed Terence
  1391 | D:2      | Killed Terence
  1501 | D:2      | Identified the +7 hand axe "Ubeaz" {protect, rN+ Will+++
                  | Dex+3}
  1507 | D:2      | Noticed Robin
  1521 | D:2      | Killed Robin
  1522 | D:2      | Reached skill level 1 in Axes
  1522 | D:2      | Reached XP level 5. HP: 29/36 MP: 5/5
  1725 | D:2      | Reached skill level 6 in Stealth
  2073 | D:3      | Found a radiant altar of Vehumet.
  2427 | D:3      | Reached XP level 6. HP: 42/42 MP: 6/6
  3748 | D:5      | Entered Level 5 of the Dungeon
  3748 | D:5      | Found a white marble altar of Elyvilon.
  3754 | D:5      | Reached skill level 7 in Stealth
  3934 | D:5      | Found a bloodstained altar of Trog.
  3934 | D:5      | Noticed a black bear
  3937 | D:5      | Reached XP level 7. HP: 46/46 MP: 7/7
  4014 | D:5      | Reached skill level 8 in Stealth
  4071 | D:5      | Reached skill level 5 in Axes
  4398 | D:5      | Reached XP level 8. HP: 45/52 MP: 8/8
  4673 | D:6      | Found a staircase to the Ecumenical Temple.
  4692 | D:6      | HP: 1/52 [acid (4)]
  4697 | D:6      | Splashed by a jelly's acid

Illustrated notes

Levels and vault maps discovered:
D:1:      scummos_arrival_gate, layout_loops_ring,
          chequers_ecumenical_altar_island, grunt_decor_arrowhead
D:2:      layout_basic, minmay_misc_feat_pillars, uniq_terence, uniq_robin
D:3:      layout_basic, mainiacjoe_overflow_alcove_1, minmay_goblin_outpost
D:4:      minmay_diamond_boxcup, layout_cave_pods, uniq_eustachio
D:5:      cheibrodos_helix_gallery, layout_loops_ring,
          trog_three_pillars_becter, elyvilon_altar_5, nrook_uturn
D:6:      layout_loops_cross, minmay_temple_entry_overgrown, serial_undead,
          serial_undead_c, serial_undead_b, serial_undead_f, serial_undead_a,
          serial_undead_b, serial_undead_f, serial_undead_c, serial_undead_c,
          minmay_misc_feat_four_crosses, uniq_duvessa

Skill      XL: |  1  2  3  4  5  6  7 |
---------------+----------------------+-----
Short Blades   | 3 |  3.2
Axes           | 1 2 3 5 |  5.4
Stealth        | 6 7 8 |  8.4
Fighting       | 3 |  3.5
Dodging        | 2 |  2.0
Throwing       | |  2.6

Action                   |  1- 3 |  4- 6 |  7- 9 || total
-------------------------+-------+-------+-------++-------
Melee: Dagger            |    48 |    10 |       ||    58
       Tentacles         |     7 |    22 |    13 ||    42
       Constrict         |     7 |    29 |     8 ||    44
       Punch             |     2 |       |     1 ||     3
       Hand axe          |       |   103 |    54 ||   157
  Use: Scroll            |     7 |     8 |       ||    15
       Potion            |       |       |     5 ||     5
 Stab: Sleeping          |    10 |    14 |     4 ||    28
       Distracted        |       |       |     1 ||     1
Armor: Skin              |     4 |    24 |    15 ||    43
Dodge: Dodged            |    19 |    63 |    30 ||   112
